 Dungeon Crawl Stone Soup version 0.22-a0-456-g11ed031 (webtiles) character file.

372 smeego the Slasher (level 6, 0/43 HPs)
             Began as an Octopode Fighter on June 6, 2018.
             Slain by an orc
             ... wielding a +0 flail
              (1 damage)
             ... on level 3 of the Dungeon.
             The game lasted 00:02:43 (1326 turns).

smeego the Slasher (Octopode Fighter)               Turns: 1326, Time: 00:02:44

Health: 0/43       AC:  2    Str: 18 (21) XL:     6   Next: 71%
Magic:  6/6        EV: 12    Int:  9 (10) God:
Gold:   139        SH:  9    Dex: 12 (13) Spells: 5/5 levels left

rFire    + . .     SeeInvis .   a - +1 long sword
rCold    . . .     Gourm    .   b - +0 shield
rNeg     . . .     Faith    .   (helmet restricted)
rPois    .         Spirit   .   (no amulet)
rElec    .         Reflect  .   g - ring of protection from fire
rCorr    .         Harm     .   o - +1 ring of protection
MR       .....                  e - ring of stealth
Stlth    ++++......             (no ring)
HPRegen  0.14/turn              (no ring)
MPRegen  0.10/turn              (no ring)
                                (no ring)
                                (no ring)

@: mighty
A: almost no armour, stealthy swim, amphibious, 8 rings, constrict 8, camouflage
1, gelatinous body 1
a: no special abilities


You were on level 3 of the Dungeon.
You were not hungry.

You visited 1 branch of the dungeon, and saw 3 of its levels.

You collected 139 gold pieces.

Inventory:

Hand Weapons
 a - a +1 long sword (weapon)
Armour
 b - a +0 shield (worn)
Jewellery
 e - a ring of stealth (on tentacle)
 g - a ring of protection from fire (left tentacle)
 o - a +1 ring of protection (right tentacle)
Wands
 c - a wand of acid (3)
Scrolls
 f - 2 scrolls of teleportation
 h - a scroll of enchant weapon
 j - a scroll of immolation {unknown}
Potions
 k - a potion of heal wounds
Comestibles
 d - 7 rations
 i - a chunk of flesh


   Skills:
 + Level 3.9 Fighting
 * Level 4.1 Long Blades
 + Level 3.8 Dodging
 + Level 3.0 Stealth
 + Level 3.8 Shields
 + Level 2.1 Unarmed Combat
 + Level 0.0 Evocations


You had 5 spell levels left.
You didn't know any spells.
Your spell library was empty.

Dungeon Overview and Level Annotations

Branches:
Dungeon (3/15)

Altars:
Ashenzari
Cheibriados
Hepliaklqana
Ru
Sif Muna
Wu Jian
Xom


Innate Abilities, Weirdness & Mutations

You cannot wear most types of armour.
You are very stealthy in the water. (Stealth+)
You are amphibious.
You can wear up to eight rings at the same time.
You can use your tentacles to constrict eight enemies at once.
Your skin changes colour to match your surroundings (Stealth+).
Your rubbery body absorbs attacks. (AC +1, EV +1)


Message History

Unknown command.
You hit the orc.
You kill the orc!
The orc hits you with a flail!
* * * LOW HITPOINT WARNING * * *
The orc closely misses you.
Unknown command.
You slash the orc!
You kill the orc!
The orc completely misses you.
The orc hits you from afar with a trident!
* * * LOW HITPOINT WARNING * * *
The orc closely misses you. You block the orc's attack.
Things that are here:
a flail; an orc corpse Unknown command.
You slash the orc!
You kill the orc!
The orc hits you with a flail.
You die...

............( #.#
####.....#...... #..#
#.....# ###.#.. #..#
#....# ###.... #..
#....### #...... #..
#......###..##.) #.#
#....#......##..
#..##....##.>#..##..
#)@..#..........)..
#.)o.....#.........
$.........####........
...........# ..........
.........>....#..<.....#
.............##..###...#
..........##....# #....
#...#....## #.#. #...#


You could see an orc.

Vanquished Creatures
  Sigmund (D:2)
  An orc wizard (D:3)
  Ijyb (D:3)
  Terence (D:2)
  Robin (D:2)
  2 adders
  4 worms
  4 dart slugs
  2 leopard geckos
  11 orcs (D:3)
  A giant cockroach (D:3)
  16 goblins
  9 hobgoblins
  5 jackals
  4 kobolds
  A quokka (D:2)
  6 bats
  4 frilled lizards
  2 rats
76 creatures vanquished.

Notes
Turn   | Place    | Note
-------+----------+-------------------------------------------
     0 | D:1      | smeego the Octopode Fighter began the quest for the Orb.
     0 | D:1      | Reached XP level 1. HP: 16/16 MP: 1/1
    52 | D:1      | Reached XP level 2. HP: 19/21 MP: 2/2
   155 | D:1      | Reached skill level 1 in Stealth
   291 | D:1      | Reached XP level 3. HP: 16/26 MP: 3/3
   422 | D:2      | Found a shimmering altar of Xom.
   458 | D:2      | Found a snail-covered altar of Cheibriados.
   532 | D:2      | Found a shattered altar of Ashenzari.
   539 | D:2      | Found an ornate altar of the Wu Jian Council.
   584 | D:2      | Found a deep blue altar of Sif Muna.
   606 | D:2      | Noticed Sigmund
   613 | D:2      | Killed Sigmund
   613 | D:2      | Reached skill level 3 in Long Blades
   613 | D:2      | Reached skill level 1 in Unarmed Combat
   613 | D:2      | Reached XP level 4. HP: 19/32 MP: 4/4
   613 | D:2      | Reached XP level 5. HP: 22/36 MP: 5/5
   661 | D:2      | Noticed Robin
   661 | D:2      | Noticed Terence
   678 | D:2      | Killed Terence
   678 | D:2      | Reached XP level 6. HP: 19/43 MP: 6/6
   724 | D:2      | Killed Robin
  1163 | D:2      | Found a shimmering altar of Xom.
  1166 | D:2      | Found a sacrificial altar of Ru.
  1171 | D:2      | Found a hazy altar of Hepliaklqana.
  1254 | D:3      | Reached skill level 4 in Long Blades
  1279 | D:3      | Noticed Ijyb
  1293 | D:3      | Killed Ijyb
  1324 | D:3      | HP: 1/43 [orc/trident (7)]
  1326 | D:3      | Slain by an orc

Vault maps used:
D:1:      erik_arrival_blinker_ship
D:2:      ashenzari_conservatory_becter, kennysheep_slug_shrine,
          nicolae_overflow_hidden_temple, lemuel_doored_altar,
          grunt_temple_overflow_diamond, nrook_loot_triangle, xom_teletrap_fun,
          uniq_robin, uniq_sigmund, uniq_terence
D:3:      uniq_grinder, uniq_ijyb

Skill      XL: |  1  2  3  4  5  6 |
---------------+-------------------+-----
Stealth        | 1 2 3 |  3.0
Long Blades    | 3 4 |  4.1
Unarmed Combat | 1 2 |  2.1
Fighting       | |  3.9
Dodging        | |  3.8
Shields        | |  3.8

Action                   |  1- 3 |  4- 6 || total
-------------------------+-------+-------++-------
Melee: Long sword        |    52 |    88 ||   140
       Constrict         |    13 |    25 ||    38
       Tentacles         |    10 |    18 ||    28
       Punch             |       |     3 ||     3
  Use: Potion            |     1 |     6 ||     7
       Scroll            |       |     4 ||     4
 Stab: Sleeping          |     4 |     2 ||     6
  Eat: Chunk             |       |     2 ||     2
Armor: Skin              |     5 |    18 ||    23
Dodge: Dodged            |    19 |    51 ||    70
Block: Shield            |    22 |    47 ||    69
       Rpst.: Long sword |     4 |    17 ||    21

Table legend:
 A = Spawn XP
 B = Non-spawn XP
 C = Spawn XP percentage of total XP
 D = Spawn monster count
 E = Non-spawn monster count
 F = Spawn count percentage of total count
 G = Total turns spent on level
                    A         B        C        D         E        F      G
               +---------+---------+-------+---------+---------+-------+---------
         Total |       0 |     532 |   0.0 |       0 |      76 |   0.0 |  1326
               +---------+---------+-------+---------+---------+-------+---------
           D:1 |       0 |      36 |   0.0 |       0 |      17 |   0.0 |   369
           D:2 |       0 |     349 |   0.0 |       0 |      33 |   0.0 |   827
           D:3 |       0 |     147 |   0.0 |       0 |      26 |   0.0 |   130
               +---------+---------+-------+---------+---------+-------+---------
